 Dungeon Crawl Stone Soup version 0.31-a0-117-g42d8f58691 (webtiles) character file.

Game seed: 10449040280629261263

171537 jlumianski the Severer (level 17, -26/133 HPs)
             Began as a Demonspawn Fighter on May 30, 2023.
             Was a High Priest of Qazlal.
             Killed from afar by a nagaraja (63 damage)
             ... with a bolt of poison
             ... on level 4 of the Snake Pit.
             The game lasted 02:45:31 (32483 turns).

jlumianski the Severer (Demonspawn Fighter)        Turns: 32483, Time: 02:45:31

Health: -26/133    AC: 37    Str: 24    XL:     17   Next: 39%
Magic:  26/26      EV:  4    Int: 10    God:    Qazlal [*****.]
Gold:   223        SH: 31    Dex: 13    Spells: 16/16 levels left

rFire   . . .        r - +3 broad axe (vamp)
rCold   + . .        F - +1 tower shield {reflect}
rNeg    . . .        o - +8 plate armour {ponderous}
rPois   x            y - +1 hat {SInv}
rElec   +            t - +2 cloak
rCorr   +            D - +2 pair of gloves {Stlth+}
SInv    +            Z - +2 pair of boots
Will    +....        j - amulet of regeneration Stlth
                     B - +4 ring of protection
HPRegen 1.22/turn    J - ring "Seuxkopp" {rElec rC+ rCorr Slay+4}
MPRegen 0.20/turn

%: repel missiles, reflection
@: lethally poisoned (-26 -> -67), poison vulnerable, constricted, slow
A: large bone plates 1, demonic guardian 3, powered by pain 2, corrupting
presence 1, weakness stinger 2
a: Renounce Religion, Upheaval, Elemental Force, Disaster Area


You were on level 4 of the Snake Pit.
You worshipped Qazlal.
Qazlal was extremely pleased with you.
You visited 5 branches of the dungeon, and saw 27 of its levels.
You visited the Abyss 1 time.

You collected 2991 gold pieces.
You spent 2768 gold pieces at shops.

Inventory:

Hand Weapons
 a - a +2 demon trident of draining
 p - the +12 sling of Uqa Unk {antimagic, +Blink rC+ Dex+2}
   (You found it on level 4 of the Lair of Beasts)

   Dex:       It affects your dexterity (+2).
   rC:        It protects you from cold.
   +Blink:    It lets you blink.
 r - a +3 vampiric broad axe (weapon)
 M - a +2 vampiric lajatang
Missiles
 f - 6 atropa-tipped darts
 l - 108 poisoned darts (quivered)
 n - 2 throwing nets
 G - 30 boomerangs
Armour
 o - a +8 plate armour of ponderousness (worn)
 t - a +2 cloak (worn)
 y - a +1 hat of see invisible (worn)
 D - a +2 pair of gloves of stealth (worn)
 F - a +1 tower shield of reflection (worn)
 Z - a +2 pair of boots (worn)
Jewellery
 g - a ring of poison resistance
 i - a +4 ring of protection
 j - an amulet of regeneration (around neck)
 w - a +6 ring of intelligence
 A - a ring of protection from cold
 B - a +4 ring of protection (left hand)
 C - an amulet of reflection
 I - an amulet of faith
 J - the ring "Seuxkopp" (right hand) {rElec rC+ rCorr Slay+4}
   (You bought it in a shop on level 1 of the Orcish Mines)

   [ring of slaying]

   Slay:      It affects your accuracy & damage with ranged weapons and melee
   (+4).
   rC:        It protects you from cold.
   rElec:     It insulates you from electricity.
   rCorr:     It protects you from acid and corrosion.
 S - a ring of fire
Wands
 c - a wand of iceblast (21)
 O - a wand of acid (6)
 P - a wand of mindburst (21)
 Y - a wand of charming (14)
Scrolls
 e - 4 scrolls of identify
 h - a scroll of amnesia
 k - 3 scrolls of fog
 s - 3 scrolls of magic mapping
 u - 4 scrolls of poison
 v - 7 scrolls of teleportation
 E - 3 scrolls of fear
 K - a scroll of summoning
 N - 5 scrolls of blinking
 R - a scroll of silence
Potions
 b - 6 potions of enlightenment
 d - a potion of might
 m - a potion of haste
 q - 9 potions of curing
 z - a potion of heal wounds
 H - 2 potions of berserk rage
 L - 3 potions of invisibility
 Q - 2 potions of resistance
Miscellaneous
 x - a phantom mirror


   Skills:
 + Level 12.0 Fighting
 + Level 16.5 Axes
 + Level 1.4(10.8) Maces & Flails
 + Level 1.3 Ranged Weapons
 + Level 3.7 Throwing
 + Level 10.0 Armour
 + Level 4.0 Dodging
 - Level 1.0 Stealth
 + Level 14.7 Shields
 * Level 13.1 Invocations
 * Level 10.7 Evocations


You had 16 spell levels left.
You didn't know any spells.
Your spell library contained the following spells:

 Spells                   Type           Power      Damage    Failure   Level
 Apportation              Tloc           0%         N/A       100%        1
 Beastly Appendage        Tmut           0%         N/A       100%        1
 Freeze                   Ice            0%         1d3       100%        1
 Kiss of Death            Conj/Necr      0%         2d5       100%        1
 Sandblast                Erth           0%         2d4       100%        1
 Passwall                 Tmut/Erth      0%         N/A       100%        2
 Scorch                   Fire           0%         2d5       100%        2
 Static Discharge         Conj/Air       0%         2-2/arc   100%        2
 Sublimation of Blood     Necr           0%         N/A       100%        2
 Wereblood                Tmut           0%         N/A       100%        2
 Call Canine Familiar     Summ           0%         N/A       100%        3
 Confusing Touch          Hex            0%         N/A       100%        3
 Frozen Ramparts          Ice            0%         1d1       100%        3
 Hailstorm                Conj/Ice       0%         3d3       100%        3
 Ignite Poison            Fire/Tmut/Pois 0%         N/A       100%        3
 Portal Projectile        Hex/Tloc       0%         N/A       100%        3
 Spider Form              Tmut/Pois      0%         N/A       100%        3
 Stone Arrow              Conj/Erth      0%         3d7       100%        3
 Airstrike                Air            0%         2d(0-16)  100%        4
 Dispel Undead            Necr           0%         3d6       100%        4
 Flame Wave               Conj/Fire      0%         2d4       100%        4
 Ice Form                 Ice/Tmut       0%         N/A       100%        4
 Leda's Liquefaction      Hex/Erth       0%         N/A       100%        4
 Petrify                  Tmut/Erth      0%         N/A       100%        4
 Sticky Flame             Conj/Fire      0%         2d3       100%        4
 Summon Lightning Spire   Summ/Air       0%         N/A       100%        4
 Alistair's Intoxication  Tmut/Pois      0%         N/A       100%        5
 Irradiate                Conj/Tmut      0%         3d11      100%        5
 Simulacrum               Ice/Necr       0%         N/A       100%        6
 Summon Cactus Giant      Summ           0%         N/A       100%        6
 Ignition                 Fire           0%         3d3       100%        8


Dungeon Overview and Level Annotations

Branches:
Dungeon (15/15)            Temple (1/1) D:4            Lair (5/5) D:9
  Swamp (0/4) Lair:2        Snake (4/4) Lair:2        Slime (0/5) Lair:5
    Orc (2/2) D:11            Elf (0/3) Orc:2        Vaults (0/5) D:14
 Depths (0/4) D:15

Altars:
Ashenzari
Cheibriados
Dithmenos
Fedhas
Gozag
Hepliaklqana
Kikubaaqudgha
Makhleb
Nemelex Xobeh
Okawaru
Qazlal
Ru
Sif Muna
Trog
Uskayaw
Vehumet
Wu Jian
Xom
Yredelemnul
Jiyva

Shops:
D:8 [   D:14 =   Orc:1 =   Orc:2 !*==   Snake:2 **


Innate Abilities, Weirdness & Mutations

You are partially covered in large bone plates. (SH +4)
A powerful demonic guardian rushes to your aid.
You sometimes gain power by taking damage.
Your presence sometimes corrodes those you injure.
You have a tail ending in a sharp stinger.


Message History

The nagaraja hits you but does no damage.
You block the nagaraja's attack. The nagaraja constricts you.
* * * LOW HITPOINT WARNING * * *
Your cacodemon hits the naga mage.
Your cacodemon barely misses the naga mage.
Aiming: Mindburst
Press: ? - help, Shift-Dir - straight line, f - nagaraja
Aim: a nagaraja, wielding a +0 spear and wearing a +0 robe (heavily wounded, constricting you, fast, chance to affect: 7%)
Okay, then.
Unknown command.
Aiming: Corrosive Bolt
Press: ? - help, Shift-Dir - straight line, f - nagaraja
Aim: a nagaraja, wielding a +0 spear and wearing a +0 robe (heavily wounded, constricting you, fast, 76% to hit)
The bolt of acid hits the nagaraja!
The acid corrodes the nagaraja!
The nagaraja is severely wounded.
You hear an angry hiss.
You block the black mamba's attack.
The naga ritualist calls down the wrath of its god upon you.
You feel yourself grow more vulnerable to poison.
The nagaraja spits poison at you.
Your +1 tower shield of reflection blocks the splash of poison... and reflects it back!
The splash of poison hits the nagaraja.
The nagaraja constricts you.
* * * LOW HITPOINT WARNING * * *
A naga comes into view. It is wielding a +0 flail.
The naga mage points at you and mumbles some strange words.
The bolt of poison hits the mana viper!
The bolt of poison hits you but does no damage.
You are poisoned.
The nagaraja hits you with a +0 flail.
* * * LOW HITPOINT WARNING * * *
Your cacodemon hits the naga mage! x2
You slice the nagaraja!!
You feel better.
The nagaraja is almost dead.
You slash the mana viper!
You feel better.
You slash the naga ritualist!
You feel better.
You closely miss the nagaraja.
You feel very sick.
The nagaraja points at you and mumbles some strange words.
The bolt of poison hits you!!!
You are lethally poisoned!
You die...

...###..# ####
#..## #... #..#
#### ##$.#
.....##...#
#$)..2N#
#..#..S###
#....SN@N#
##.#.°N##.SS..N.
#.##°.# .######
# ##.# ## ...
.... ##...#
#...#


You could see 2 nagarajas, an anaconda, a naga ritualist, a mana viper, 2 black
mambas, a naga mage (ally target), a naga and a friendly cacodemon (summoned).

Vanquished Creatures
  Vashnia (Snake:2)
  The ghost of Sudixeaxt the Executioner, an adept MiBe of Trog (Snake:2)
  Gastronok (D:12)
  2 tentacled starspawn (Abyss:2)
  Agnes (Snake:3)
  A nagaraja (Snake:2)
  Louise (Snake:1)
  A juggernaut zombie (D:15)
  Aizul (Lair:2)
  Azrael (D:14)
  Fannar (D:11)
  7 hydras
  2 ogre magi
  A catoblepas (Lair:5)
  6 centaur warriors
  5 anacondas
  8 two-headed ogres
  5 boulder beetles
  11 death yaks
  5 shock serpents
  3 naga sharpshooters (Snake:2)
  2 hell hogs (Abyss:2)
  2 thrashing horrors (Abyss:2)
  7 naga warriors
  2 skysharks (Lair:5)
  2 wretched stars (Abyss:2)
  A sixfirhy (Abyss:2)
  9 skeletal warriors
  A deep elf archer (D:14)
  An obsidian statue (Snake:2)
  A flayed ghost (D:15)
  2 lindwurms
  3 naga ritualists (Snake:2)
  2 bog bodies (Lair:2)
  A wizard (D:11)
  11 orc knights
  A deep elf pyromancer (D:14)
  An orc sorcerer (Orc:1)
  A necromancer (D:15)
  4 cyclopes
  9 mana vipers
  5 ugly things
  A sphinx skeleton (D:15)
  A frost giant zombie (D:15)
  12 elephants
  3 salamanders
  A fire giant skeleton (D:15)
  An apocalypse crab (Abyss:2)
  21 black mambas
  7 naga magi
  2 smoke demons (Abyss:2)
  4 torpor snails
  26 cane toads
  3 gargoyles
  2 unseen horrors
  Maggie (D:7)
  8 kobold demonologists
  6 komodo dragons
  A tengu conjurer (D:14)
  A freezing wraith (D:12)
  4 rime drakes
  7 efreet
  12 trolls
  2 tyrant leeches (Lair:5)
  A large abomination (Abyss:2)
  15 dream sheep
  31 blink frogs
  3 slime creatures (D:12)
  2 wraiths
  3 shadows (D:12)
  4 wyverns
  27 yaks
  3 basilisks (Lair:4)
  2 fire elementals
  Grum (Lair:1)
  2 chaos spawn (Abyss:2)
  A neqoxec (Abyss:2)
  9 starcursed masses (Abyss:2)
  3 steam dragons
  12 vampire mosquitoes
  5 wargs
  20 nagas
  2 swamp worms (Lair:2)
  2 acid dragons
  25 water moccasins
  2 hell hounds (D:14)
  42 orc warriors
  2 ice beasts
  3 black bears
  10 wolves
  5 boggarts (D:15)
  10 ogres
  3 small abominations (Abyss:2)
  7 centaurs
  13 kobold brigands
  25 bullfrogs
  2 gnoll sergeants
  3 scorpions
  8 wights
  12 killer bees
  10 electric eels
  A howler monkey (D:4)
  2 quasits (Abyss:2)
  A jelly (D:5)
  10 orc priests
  A gnoll bouda (D:6)
  6 hounds
  An iguana (D:6)
  17 orc wizards
  14 gnolls
  6 adders
  2 shadow imps
  2 white imps
  2 ufetubi
  2 worms
  A dart slug (D:2)
  96 orcs
  2 endoplasms
  4 giant cockroaches
  9 goblins
  4 hobgoblins
  3 quokkas (D:2)
  2 ball pythons
  A bat (D:2)
  5 frilled lizards
  41 kobolds
  8 rats
  3 starspawn tentacles (Abyss:2)
835 creatures vanquished.

Vanquished Creatures (collateral kills)
  A hellephant (Abyss:2)
  An orc warlord (Orc:2)
  2 hydras
  A death knight (D:13)
  2 centaur warriors
  A boulder beetle (Lair:4)
  An anaconda (Snake:2)
  A naga warrior (Snake:1)
  A thrashing horror (Abyss:2)
  3 naga sharpshooters (Snake:2)
  2 shock serpents
  3 skeletal warriors (D:14)
  2 large abominations (Abyss:2)
  A naga ritualist (Snake:2)
  A deep elf zephyrmancer (D:14)
  A mana viper (Snake:2)
  A cyclops (D:15)
  A manticore (D:13)
  An elephant (Lair:1)
  3 naga magi
  Maurice (Orc:2)
  4 black mambas
  2 slime creatures (D:12)
  An unseen horror (D:10)
  2 rime drakes (D:12)
  A komodo dragon (Lair:5)
  3 blink frogs
  2 fire elementals (D:14)
  9 yaks
  A wraith (D:13)
  A vampire mosquito (Lair:5)
  2 starcursed masses (Abyss:2)
  2 hell hounds (D:14)
  An orc warrior (Orc:1)
  A wolf (D:9)
  An ogre (Orc:2)
  A kobold brigand (D:14)
  A wight (D:8)
  A killer bee (D:7)
  An electric eel (D:9)
  5 orc priests
  2 orc wizards
  An adder (D:2)
  An ufetubus (Abyss:2)
  4 orcs
81 creatures vanquished.

Vanquished Creatures (others)
  2 black mambas
  A sky beast (Abyss:2)
  A kobold (D:11)
  8 starspawn tentacles (Abyss:2)
12 creatures vanquished.

Grand Total: 928 creatures vanquished

Notes
Turn   | Place    | Note
-------+----------+-------------------------------------------
     0 | D:1      | jlumianski the Demonspawn Fighter began the quest for the
                  | Orb.
     0 | D:1      | Reached XP level 1. HP: 18/18 MP: 1/1
     9 | D:1      | Noticed an ogre
   258 | D:1      | Reached skill level 2 in Axes
   276 | D:1      | Gained mutation: You have a small tail. [demonic ancestry]
   276 | D:1      | Reached XP level 2. HP: 24/24 MP: 2/2
   557 | D:1      | Found a faded altar of an unknown god.
  1058 | D:2      | Gained mutation: A weak demonic guardian rushes to your
                  | aid. [demonic ancestry]
  1058 | D:2      | Reached XP level 3. HP: 29/29 MP: 3/3
  1526 | D:2      | Reached skill level 3 in Axes
  1535 | D:2      | Reached XP level 4. HP: 33/35 MP: 4/4
  1977 | D:4      | Found a staircase to the Ecumenical Temple.
  1991 | Temple   | Entered the Ecumenical Temple
  2226 | D:5      | Entered Level 5 of the Dungeon
  2586 | D:3      | Found a bloodstained altar of Trog.
  2955 | D:3      | Found a shimmering blue altar of Sif Muna.
  3054 | D:4      | Gained mutation: A demonic guardian rushes to your aid.
                  | [demonic ancestry]
  3054 | D:4      | Reached XP level 5. HP: 34/41 MP: 5/5
  3101 | D:4      | Noticed a black bear
  3122 | D:4      | Killed a black bear
  3123 | D:4      | Reached skill level 4 in Axes
  3123 | D:4      | Reached XP level 6. HP: 24/48 MP: 6/6
  3538 | D:5      | Noticed an ice beast
  3550 | D:5      | Killed an ice beast
  3864 | D:6      | Reached skill level 5 in Axes
  3864 | D:6      | Reached XP level 7. HP: 53/54 MP: 7/7
  4277 | D:5      | Noticed a yak
  4278 | D:5      | Noticed a yak
  4278 | D:5      | Noticed a yak
  4280 | D:5      | Noticed a yak
  4342 | D:6      | Reached skill level 6 in Axes
  4342 | D:6      | Reached skill level 1 in Dodging
  4474 | D:6      | Killed a yak
  4492 | D:6      | Killed a yak
  4493 | D:6      | Gained mutation: You sometimes gain a little power by
                  | taking damage. [demonic ancestry]
  4493 | D:6      | Reached XP level 8. HP: 54/61 MP: 8/8
  4615 | D:6      | Reached skill level 7 in Axes
  4718 | D:5      | Found a blossoming altar of Fedhas.
  5129 | D:6      | Found a sacrificial altar of Ru.
  5278 | D:5      | Reached skill level 5 in Fighting
  5730 | D:6      | Reached skill level 5 in Armour
  5886 | D:6      | Gained mutation: A powerful demonic guardian rushes to your
                  | aid. [demonic ancestry]
  5886 | D:6      | Reached XP level 9. HP: 68/69 MP: 9/9
  5985 | D:6      | Reached skill level 8 in Axes
  5985 | D:6      | Reached skill level 1 in Throwing
  6548 | D:7      | Noticed Maggie
  6554 | D:8      | Found Mupaw's Antique Armour Boutique.
  6564 | D:8      | Bought a pair of runed gloves for 202 gold pieces
  6595 | D:7      | Killed Maggie
  6705 | D:7      | Reached skill level 9 in Axes
  8169 | D:8      | Found a shimmering altar of Xom.
  8393 | D:9      | Noticed a boulder beetle
  8469 | D:8      | Reached XP level 10. HP: 72/77 MP: 10/10
  8514 | D:8      | Killed a boulder beetle
  8515 | D:8      | Reached skill level 1 in Stealth
  8515 | D:8      | Reached skill level 5 in Shields
  8952 | D:10     | Entered Level 10 of the Dungeon
  9049 | D:9      | Reached skill level 10 in Axes
 10031 | D:9      | Found a staircase to the Lair.
 10378 | D:10     | Noticed a gargoyle
 10389 | D:10     | Killed a gargoyle
 10596 | D:10     | Found an iron altar of Okawaru.
 10601 | D:10     | Found a stormy altar of Qazlal.
 10612 | D:10     | Became a worshipper of Qazlal Stormbringer
 10627 | D:10     | Found a hazy altar of Hepliaklqana.
 10913 | D:10     | Reached XP level 11. HP: 83/84 MP: 11/11
 10958 | D:10     | Found the Hermit's Pendant {Faith Invo=14 Evo=0 MP+5}
 11003 | D:10     | Reached skill level 11 in Axes
 11144 | D:10     | Found an ornate altar of the Wu Jian Council.
 11196 | D:10     | Found the +13 scythe of Curses {drain, curses, Drain}
 11309 | D:11     | Noticed a two-headed ogre
 11321 | D:10     | Killed a two-headed ogre
 11383 | D:11     | Noticed a boulder beetle
 11411 | D:11     | Killed a boulder beetle
 11566 | D:11     | Reached * piety under Qazlal
 11615 | D:11     | Found a staircase to the Orcish Mines.
 11709 | D:11     | Noticed a centaur warrior
 11717 | D:11     | Killed a centaur warrior
 12556 | D:12     | Reached skill level 12 in Axes
 12634 | D:12     | Noticed a brown ugly thing
 12650 | D:12     | Killed a brown ugly thing
 12745 | D:12     | Gained mutation: You have a tail ending in a sharp stinger.
                  | [demonic ancestry]
 12745 | D:12     | Reached XP level 12. HP: 66/94 MP: 12/12
 13033 | D:12     | Reached ** piety under Qazlal
 13037 | D:12     | Noticed Gastronok
 13296 | D:12     | Killed Gastronok
 14011 | D:12     | Reached skill level 1 in Invocations
 14036 | D:13     | Reached skill level 1 in Evocations
 14123 | D:13     | Noticed a two-headed ogre
 14134 | D:13     | Killed a two-headed ogre
 14148 | D:13     | Noticed a centaur warrior
 14161 | D:13     | Killed a centaur warrior
 14495 | D:13     | Noticed a death knight
 14562 | D:11     | Noticed a two-headed ogre
 14578 | D:11     | Killed a two-headed ogre
 14767 | D:11     | Reached skill level 13 in Axes
 15470 | Lair:1   | Entered Level 1 of the Lair of Beasts
 15472 | Lair:1   | Reached *** piety under Qazlal
 15585 | Lair:1   | Gained mutation: You sometimes gain power by taking damage.
                  | [demonic ancestry]
 15585 | Lair:1   | Reached XP level 13. HP: 86/101 MP: 16/16
 15879 | Lair:2   | Identified the +0 leather armour "Zechil" {rPois Str-4
                  | Int+8 Dex+3}
 15890 | Lair:2   | Reached skill level 10 in Shields
 16231 | Lair:1   | Noticed Grum
 16252 | Lair:1   | Killed Grum
 16329 | Lair:1   | Reached skill level 5 in Invocations
 16648 | Lair:1   | Reached **** piety under Qazlal
 17134 | Lair:2   | Found a staircase to the Snake Pit.
 17546 | Lair:2   | Reached skill level 5 in Evocations
 17578 | Lair:2   | Found a staircase to the Swamp.
 18648 | Lair:3   | Reached skill level 14 in Axes
 18748 | Lair:4   | Reached XP level 14. HP: 66/109 MP: 19/19
 19026 | Lair:4   | Upgraded the game from 0.31-a0-115-g4708a659fe to
                  | 0.31-a0-117-g42d8f58691
 19577 | Lair:5   | Entered Level 5 of the Lair of Beasts
 20058 | Lair:4   | Reached skill level 1 in Maces & Flails
 20185 | Lair:4   | You fall into a shaft and drop 1 floor!
 20192 | Lair:5   | Reached ***** piety under Qazlal
 20410 | Lair:4   | Reached skill level 10 in Fighting
 21192 | Lair:4   | Identified the +12 sling of Uqa Unk {antimagic, +Blink rC+
                  | Dex+2}
 21455 | Lair:5   | Reached skill level 1 in Ranged Weapons
 21943 | Lair:5   | Gained mutation: You are partially covered in large bone
                  | plates. (SH +4) [demonic ancestry]
 21943 | Lair:5   | Reached XP level 15. HP: 84/115 MP: 21/21
 22222 | Lair:5   | Found a staircase to the Slime Pits.
 22223 | Lair:5   | Found a viscous altar of Jiyva.
 22358 | Lair:5   | Identified the staff of death "Moveh" {rN+ Dex+3}
 22926 | Orc:1    | Entered Level 1 of the Orcish Mines
 23017 | Orc:1    | Found Wevalas's Jewellery Shoppe.
 23021 | Orc:1    | Noticed Fannar
 23214 | D:11     | Killed Fannar
 23294 | Orc:2    | Entered Level 2 of the Orcish Mines
 23294 | Orc:2    | Noticed Maurice
 23301 | Orc:2    | Killed Maurice
 23772 | Orc:1    | Paralysed by an orc sorcerer for 3 turns
 25073 | Orc:2    | Reached skill level 10 in Invocations
 25105 | Orc:2    | Reached skill level 15 in Axes
 25198 | Orc:2    | Reached ****** piety under Qazlal
 25270 | Orc:2    | Found Tibak's Jewellery Boutique.
 25270 | Orc:2    | Found Goasowalo's Jewellery Shoppe.
 25302 | Orc:2    | Found Esiclaut's Assorted Antiques.
 25302 | Orc:2    | Found Jemilius's Distillery.
 25662 | Orc:2    | Bought a potion of heal wounds for 70 gold pieces
 25703 | Orc:2    | Bought a ring of poison resistance for 300 gold pieces
 25703 | Orc:2    | Bought an amulet of regeneration for 450 gold pieces
 25754 | Orc:2    | Found a staircase to the Elven Halls.
 26462 | D:15     | Entered Level 15 of the Dungeon
 26486 | D:14     | Noticed Azrael
 27196 | D:14     | Found Quetitam's Jewellery Boutique.
 27352 | D:14     | Killed Azrael
 27853 | D:14     | Found a gate to the Vaults.
 27941 | D:15     | Reached XP level 16. HP: 125/125 MP: 24/24
 28269 | D:15     | Found a staircase to the Depths.
 28943 | Snake:1  | Entered Level 1 of the Snake Pit
 28948 | Snake:1  | Noticed Louise
 28949 | Snake:1  | Noticed Aizul
 28958 | Abyss:2  | Cast into level 2 of the Abyss (Louise)
 29003 | Abyss:2  | Noticed a tentacled starspawn
 29015 | Abyss:2  | Killed a tentacled starspawn
 29033 | Abyss:2  | Found a corrupted altar of Lugonu.
 29034 | Abyss:2  | Found a corrupted altar of Lugonu.
 29034 | Abyss:2  | Found a corrupted altar of Lugonu.
 29041 | Abyss:2  | Noticed a hellephant
 29064 | Abyss:2  | Killed a hellephant
 29071 | Abyss:2  | Paralysed by accursed screaming for 1 turns
 29156 | Abyss:2  | Noticed a tentacled starspawn
 29177 | Abyss:2  | Killed a tentacled starspawn
 29239 | Snake:1  | Escaped the Abyss
 29323 | Lair:2   | Killed Aizul
 29432 | Snake:1  | Killed Louise
 29544 | Snake:1  | Reached skill level 16 in Axes
 30166 | Snake:1  | Reached skill level 10 in Evocations
 30701 | Snake:2  | Noticed Vashnia
 30717 | Snake:2  | Killed Vashnia
 30728 | Snake:2  | Gained mutation: Your presence sometimes corrodes those you
                  | injure. [demonic ancestry]
 30728 | Snake:2  | Reached XP level 17. HP: 98/133 MP: 22/26
 30955 | Orc:1    | Bought the ring "Seuxkopp" {rElec rC+ rCorr Slay+4} for
                  | 1548 gold pieces
 31587 | Snake:2  | Found a runed translucent gate.
 31587 | Snake:2  | Found a runed translucent gate.
 31587 | Snake:2  | Found an opulent altar of Gozag.
 31587 | Snake:2  | Noticed Sudixeaxt's ghost (adept MiBe)
 31590 | Snake:2  | Found a runed translucent gate.
 31592 | Snake:2  | Found Ytuib's Assorted Antiques.
 31594 | Snake:2  | Found Kupy's Assorted Antiques.
 32027 | Snake:2  | Killed Sudixeaxt's ghost
 32028 | Snake:2  | Reached skill level 10 in Armour
 32182 | Snake:2  | Bought a twisted brass amulet for 165 gold pieces
 32182 | Snake:2  | Bought a scroll labelled KUVUIGG NAGGEATI for 33 gold
                  | pieces
 32279 | Snake:4  | Entered Level 4 of the Snake Pit
 32317 | Snake:3  | Noticed Agnes
 32329 | Snake:3  | Killed Agnes
 32483 | Snake:4  | Killed from afar by a nagaraja

Illustrated notes

Levels and vault maps discovered:
D:1:      evilmike_arrival_come_back, layout_basic,
          shapermc_ecumenical_altar_mp_highgroup
D:2:      layout_basic, kennysheep_decorative_pillar
D:3:      layout_loops_ring, nicolae_sif_muna_little_library,
          mainiacjoe_overflow_small_starburst
D:4:      layout_cave_pools, nicolae_elyvilon_temple_path,
          minmay_temple_entry_arrows, hangedman_decor_points
D:5:      layout_basic, fedhas_altar_3
D:6:      layout_cave_pods, nicolae_overflow_hidden_temple, nrook_pool_corridor
D:7:      layout_gridville, uniq_maggie
D:8:      layout_gridville, mainiacjoe_overflow_tiny_flanked, serial_shops,
          nicolae_shop_advertising_works [nicolae_subvault_shop_adworks]
D:9:      layout_loops_ring, erik_lair_island, minivault_16
D:10:     layout_loops_ring, lemuel_coloured_pillars_altar,
          minmay_overflow_temple_star_quad
D:11:     layout_irregular_city, minmay_orc_entry_temple_small,
          nicolae_eternal_life
D:12:     nooodl_glass_maze, layout_basic, portal_ice_cave_rime, uniq_gastronok
D:13:     layout_long_grid, minivault_5
D:14:     layout_basic, hangedman_vaults_entry_quadrant_bands, serial_shops,
          nicolae_take_the_stairs, minmay_misc_feat_chi, nicolae_letterblocks
          [nicolae_letter_subblock, nicolae_letter_subblock,
          nicolae_letter_subblock, nicolae_letter_subblock,
          nicolae_letter_subblock, nicolae_letter_subblock,
          nicolae_letter_subblock, nicolae_letter_subblock,
          nicolae_letter_subblock, nicolae_letter_subblock,
          nicolae_letter_subblock, nicolae_letter_subblock,
          nicolae_letter_subblock, nicolae_letter_subblock,
          nicolae_letter_subblock, nicolae_letter_subblock,
          nicolae_letter_subblock, nicolae_letter_subblock,
          nicolae_letter_subblock, nicolae_letter_subblock,
          nicolae_letter_subblock, nicolae_letter_subblock,
          nicolae_letter_subblock, nicolae_letter_subblock,
          nicolae_letter_subblock], uniq_azrael
D:15:     gammafunk_depths_entry_grave, layout_irregular_city
Temple:   nicolae_temple_bog_church
Lair:1:   layout_roguey, serial_bayou_shore_a, uniq_grum
Lair:2:   layout_chaotic_city, nicolae_swamp_entry_splash_gauntlet,
          minmay_snake_entry_guardpost_small
Lair:3:   layout_gridlike, chequers_serial_rivers_room_a
Lair:4:   nzn_winding_woodlands_large [nzn_winding_woodlands_hourglass,
          nzn_winding_woodlands_5x15_pockets, nzn_winding_woodlands_5x5_default,
          nzn_winding_woodlands_center_diamonds,
          nzn_winding_woodlands_15x15_killbox,
          nzn_winding_woodlands_center_garden, nzn_winding_woodlands_5x5_three,
          nzn_winding_woodlands_5x15_parted,
          nzn_winding_woodlands_5x5_checkerboard], layout_loops_ring
Lair:5:   minmay_lair_end_frog_pond, layout_loops_ring, slime_entry_1
Snake:1:  layout_chambers, guppyfry_library_mini, uniq_louise, uniq_aizul
Snake:2:  layout_honeycomb, ebering_ghost_gozag, grunt_megastairs_2,
          uniq_vashnia
Snake:3:  layout_misc_corridors, special_room, uniq_agnes
Snake:4:  snake_pit, layout_basic, serial_shops, nicolae_book_shop_shelving
Orc:1:    layout_diamond_mine, serial_shops, nicolae_shop_gaudy_bauble,
          minmay_orc_barracks, uniq_fannar
Orc:2:    st_orc_town, layout_caves, uniq_maurice

Skill      XL: |  1  2  3  4  5  6  7  8  9 10 11 12 13 14 15 16 17 |
---------------+----------------------------------------------------+-----
Axes           | 2 3 4 5 6 7 9 10 12 13 14 15 16 | 16.5
Shields        | 3 4 6 8 9 10 12 13 14 | 14.7
Armour         | 3 4 5 6 7 8 9 10 | 10.0
Fighting       | 4 6 7 8 9 10 11 12 | 12.0
Dodging        | 1 2 3 4 |  4.0
Throwing       | 1 2 3 |  3.7
Stealth        | 1 |  1.0
Invocations    | 4 6 9 11 12 13 | 13.1
Evocations     | 3 5 7 8 10 | 10.7
Maces & Flails | 1 |  1.4
Ranged Weapons | 1 |  1.3

Action                     |  1- 3 |  4- 6 |  7- 9 | 10-12 | 13-15 | 16-18 || total
---------------------------+-------+-------+-------+-------+-------+-------++-------
  Melee: War axe           |    80 |   109 |   381 |   767 |  1304 |       ||  2641
         Tailslap          |     8 |    15 |    53 |   145 |   307 |   124 ||   652
         Whip              |       |       |       |       |    57 |       ||    57
         Broad axe         |       |       |       |       |   297 |   585 ||   882
   Fire: Sling             |       |       |       |       |    26 |       ||    26
  Throw: Dart              |       |     4 |    28 |    50 |     3 |     2 ||    87
 Invoke: Upheaval          |       |       |       |     1 |    10 |     4 ||    15
         Elemental Force   |       |       |       |       |     7 |     3 ||    10
  Evoke: Wand              |       |       |       |     4 |     1 |     2 ||     7
         Phantom mirror    |       |       |       |       |     2 |     1 ||     3
    Use: Scroll            |       |     4 |     9 |     3 |    15 |     2 ||    33
         Potion            |       |       |     2 |       |       |     6 ||     8
   Stab: Distracted        |       |       |     1 |       |     2 |       ||     3
         Paralysed         |       |       |       |       |     3 |     5 ||     8
         Petrified         |       |       |       |       |     3 |     3 ||     6
         Confused          |       |       |       |       |       |     2 ||     2
 Armour: Scale mail        |    25 |     4 |       |       |       |       ||    29
         Chain mail        |       |    57 |   212 |       |       |       ||   269
         Plate armour      |       |       |     1 |   402 |   730 |   224 ||  1357
  Dodge: Dodged            |    50 |    80 |   348 |   272 |   338 |    97 ||  1185
         Repelled          |       |       |       |       |     8 |     6 ||    14
  Block: Buckler           |    17 |    27 |   132 |       |       |       ||   176
         Kite shield       |       |       |     8 |   781 |  2011 |   303 ||  3103
         Reflection        |       |       |       |    18 |    37 |    38 ||    93
         Tower shield      |       |       |       |       |       |   528 ||   528

Table legend: (Time is in decaauts)
 A = Elapsed time spent in this place.
 B = Non-inter-level travel time spent in this place.
 C = Inter-level travel time spent in this place.
 D = Time resting spent in this place.
 E = Time spent auto-exploring this place.
 F = Levels seen in this place.
 G = Mean time per level.
                   A        B        C        D        E       F      G
               +--------+--------+--------+--------+--------+-----+--------+
         Total |  33223 |  31261 |   1962 |   2722 |  15859 |  28 | 1186.5 |
       Dungeon |  19230 |  17963 |   1267 |   1696 |   9647 |  15 | 1282.0 |
        Temple |    221 |    221 |      0 |      0 |      0 |   1 |  221.0 |
          Lair |   7591 |   7149 |    442 |    691 |   3442 |   5 | 1518.2 |
     Snake Pit |   2994 |   2878 |    116 |     82 |   1669 |   4 |  748.5 |
  Orcish Mines |   2902 |   2768 |    134 |    249 |   1100 |   2 | 1451.0 |
         Abyss |    283 |    283 |      0 |      4 |      0 |   1 |  283.0 |
               +--------+--------+--------+--------+--------+-----+--------+

Top non-repeatable levels by time:
  Lair:4: 2281 daAuts
    D:12: 2228 daAuts
  Lair:1: 1661 daAuts
    D:11: 1602 daAuts
     D:8: 1600 daAuts
     D:9: 1567 daAuts
   Orc:2: 1505 daAuts
     D:7: 1436 daAuts
 Snake:2: 1426 daAuts
   Orc:1: 1396 daAuts
  Lair:5: 1392 daAuts
     D:5: 1378 daAuts
    D:10: 1368 daAuts
     D:6: 1361 daAuts
    D:13: 1324 daAuts
